 Dungeon Crawl Stone Soup version 0.20.1-1-g8b1a95d (webtiles) character file.

291 fonas the Skirmisher (level 6, -4/41 HPs)
             Began as a Gargoyle Fighter on Aug 19, 2017.
             Slain by a crocodile (14 damage)
             ... in a sewer.
             The game lasted 00:07:02 (1905 turns).

fonas the Skirmisher (Gargoyle Fighter)             Turns: 1905, Time: 00:07:03

Health: -4/41      AC: 11    Str: 26    XL:     6   Next: 32%
Magic:  6/6        EV:  8    Int:  9    God:
Gold:   165        SH:  9    Dex:  9    Spells: 5/5 levels left

rFire    . . .     SeeInvis .   a - +0 war axe
rCold    . . .     Gourm    .   c - +0 shield
rNeg     + . .     Faith    .   j - +0 ring mail
rPois    ∞         Spirit   .   e - +0 helmet
rElec    +         Reflect  .   (no cloak)
rCorr    .         Harm     .   (no gloves)
MR       .....                  (no boots)
Stlth    ..........             (no amulet)
Regen    0.2/turn               (no ring)
MPRegen  0.1/turn               (no ring)

@: mighty
A: negative energy resistance 1, electricity resistance, unbreathing,
petrification resistance, rot immunity, AC +4
a: no special abilities


You were in a sewer.
You were not hungry.

You visited 1 branch of the dungeon, and saw 3 of its levels.
You also visited: Sewer.

You collected 165 gold pieces.

Inventory:

Hand Weapons
 a - a +0 war axe (weapon)
Armour
 b - a +0 scale mail
 c - a +0 shield (worn)
 e - a +0 helmet (worn)
 j - a +0 ring mail (worn)
Wands
 o - a wand of digging (10/24)
Scrolls
 g - 2 scrolls of teleportation {unknown}
 h - a scroll of amnesia {unknown}
 m - a scroll of immolation {unknown}
 n - a scroll of noise {unknown}
 r - a scroll of fear {unknown}
 s - a scroll of identify {unknown}
 t - a scroll of recharging {unknown}
 v - a scroll of remove curse {unknown}
Potions
 d - a potion of might
 l - a potion of mutation {unknown}
 p - a potion of heal wounds {unknown}
 u - a potion of curing {unknown}
Comestibles
 f - 2 bread rations
 i - 2 royal jellies
 k - 2 meat rations
 q - 3 chunks of flesh


   Skills:
 * Level 5.9 Fighting
 + Level 3.1 Axes
 + Level 4.7 Armour
 - Level 3.2 Shields


You had 5 spell levels left.
You didn't know any spells.

Dungeon Overview and Level Annotations

Branches:
Dungeon (3/15)

Altars:
Gozag
Qazlal


Innate Abilities, Weirdness & Mutations

You are resistant to torment.
Your stone body is resilient. (AC +4)
You are immune to poison.
You resist negative energy. (rN+)
You are resistant to electric shocks. (rElec)
You can survive without breathing.
You are immune to petrification.
You are immune to rotting.


Message History

You closely miss the crocodile. The crocodile bites you!
You are too injured to fight recklessly!
You are too injured to fight recklessly!
You are too injured to fight recklessly!
You don't know any spells.
You feel very mighty all of a sudden. You block the crocodile's attack.
You slash the crocodile!
The crocodile is heavily wounded.
The crocodile bites you!
* * * LOW HITPOINT WARNING * * *
You block the crocodile's attack.
You hit the crocodile but do no damage.
The crocodile is heavily wounded.
The crocodile barely misses you.
You barely miss the crocodile.
The crocodile is heavily wounded.
The crocodile bites you but does no damage.
The crocodile bites you!
You die...

### .... .....
$.....############
$.....t@..........
$.....####.#######
..... #.# .... #.#
### #.# #.# #.#
##.## ##...##


You could see a crocodile.

Vanquished Creatures
  An orc wizard (D:3)
  Jessica (D:2)
  Ijyb (D:3)
  Terence (D:2)
  The ghost of letownia the Insei, a weakling OpTm (D:3)
  A hound skeleton (D:3)
  9 adders
  An ooze (D:2)
  A worm (D:3)
  4 dart slugs
  6 leopard geckos
  3 orcs (D:3)
  14 bats
  A giant cockroach (D:3)
  7 goblins
  2 hobgoblins
  2 jackals (D:2)
  6 kobolds
  2 quokkas (D:2)
  A ball python (D:2)
  2 frilled lizards
  5 rats
72 creatures vanquished.

Notes
Turn   | Place    | Note
-------+----------+-------------------------------------------
     0 | D:1      | fonas the Gargoyle Fighter began the quest for the Orb.
     0 | D:1      | Reached XP level 1. HP: 14/14 MP: 1/1
   327 | D:1      | Reached XP level 2. HP: 12/19 MP: 2/2
   634 | D:2      | Reached XP level 3. HP: 17/24 MP: 3/3
   710 | D:2      | Reached skill level 4 in Fighting
   728 | D:2      | Noticed Jessica
   735 | D:2      | Killed Jessica
   735 | D:2      | Reached XP level 4. HP: 22/29 MP: 4/4
   780 | D:2      | Noticed Terence
   785 | D:2      | Killed Terence
  1109 | D:2      | Reached XP level 5. HP: 34/34 MP: 5/5
  1233 | D:2      | Found a stormy altar of Qazlal.
  1338 | D:3      | Reached skill level 5 in Fighting
  1483 | D:3      | Noticed Ijyb
  1490 | D:3      | Killed Ijyb
  1544 | D:3      | Reached XP level 6. HP: 35/41 MP: 6/6
  1605 | D:3      | Noticed letownia's ghost (weakling OpTm)
  1614 | D:3      | Killed letownia's ghost
  1690 | D:3      | Found an opulent altar of Gozag.
  1834 | D:3      | Found a glowing drain.
  1850 | Sewer    | Entered a sewer
  1905 | Sewer    | Slain by a crocodile

Skill      XL: |  1  2  3  4  5  6 |
---------------+-------------------+-----
Axes           | 2 3 |  3.1
Fighting       | 4 5 |  5.9
Armour         | 4 |  4.7
Shields        | |  3.2

Action                   |  1- 3 |  4- 6 || total
-------------------------+-------+-------++-------
Melee: War axe           |    64 |   204 ||   268
  Use: Potion            |       |     1 ||     1
  Eat: Chunk             |       |     4 ||     4
Armor: Scale mail        |     6 |       ||     6
       Ring mail         |    24 |   126 ||   150
Dodge: Dodged            |    22 |    87 ||   109
Block: Shield            |    41 |   126 ||   167
